 Dungeon Crawl Stone Soup version 0.31-a0-246-g8cbcc1cb85 (webtiles) character file.

Game seed: 11389681662743150801

161 qw the Shooter (level 5, -2/45 HPs)
             Began as a Minotaur Hexslinger on July 12, 2023.
             Slain by an orc
             ... wielding a +0 flail
              (10 damage)
             ... on level 4 of the Dungeon.
             The game lasted 00:01:03 (1763 turns).

qw the Shooter (Minotaur Hexslinger)                Turns: 1763, Time: 00:01:04

Health: -2/45      AC:  3    Str: 12    XL:     5   Next: 18%
Magic:  5/5        EV: 12    Int: 10    God:
Gold:   164        SH:  0    Dex: 15    Spells: 5/6 levels left

rFire   . . .        Y - +1 sling
rCold   . . .        (no shield)
rNeg    . . .        a - +0 leather armour
rPois   .            (helmet restricted)
rElec   .            (no cloak)
rCorr   .            (no gloves)
SInv    .            (no boots)
Will    .....        (no amulet)
Stlth   +            (no ring)
HPRegen 0.27/turn    (no ring)
MPRegen 0.09/turn

%: no passive effects
@: about to teleport
A: horns 2, retaliatory headbutt
a: no special abilities


You were on level 4 of the Dungeon.
You visited 1 branch of the dungeon, and saw 4 of its levels.

You collected 164 gold pieces.


Innate Abilities, Weirdness & Mutations

You have a pair of horns on your head.
You reflexively headbutt those who attack you in melee.


   Skills:
 - Level 3.1 Fighting
 + Level 5.3 Ranged Weapons
 - Level 2.1 Dodging
 - Level 1.0 Spellcasting
 - Level 2.0 Hexes


You had 5 spell levels left.
You knew the following spells:

 Your Spells              Type           Power      Damage    Failure   Level
a - Slow                  Hex            16%        N/A       19%         1

Your spell library contained the following spells:

 Spells                   Type           Power      Damage    Failure   Level
 Inner Flame              Hex/Fire       2%         N/A       65%         3
 Portal Projectile        Hex/Tloc       4%         N/A       65%         3
 Cause Fear               Hex            2%         N/A       88%         4

Inventory:

Hand Weapons
 Y - a +1 sling (weapon)
Armour
 a - a +0 leather armour (worn)
Jewellery
 j - a ring of poison resistance
Scrolls
 f - a scroll of vulnerability {unknown}
 g - 3 scrolls of teleportation
 h - a scroll of identify
 i - a scroll of blinking {unknown}
Potions
 b - a potion of mutation
 c - a potion of curing {unknown}
 d - a potion of cancellation
 e - a potion of might {unknown}

Dungeon Overview and Level Annotations

Branches:
Dungeon (4/15)
 Temple: D:4-7

Altars:
Kikubaaqudgha
Nemelex Xobeh
Sif Muna
Vehumet


Message History

Enter note:
Enter note: You shoot a sling bullet.
The orc shouts!
The sling bullet hits the phantom.
The phantom is severely damaged.
The phantom hits you.
The phantom blinks!
You blink.
Found 9 gold pieces.
Enter note:
Enter note:
Enter note: You shoot a sling bullet.
The sling bullet barely misses the phantom.
The phantom hits you.
You shoot a sling bullet.
The sling bullet barely misses the phantom.
The phantom hits you.
The phantom blinks!
You blink.
Found 13 gold pieces.
The phantom barely misses you.
Enter note:
Enter note:
Enter note: You shoot a sling bullet.
The sling bullet hits the phantom but does no damage.
The phantom is severely damaged.
The orc hits you with a +0 flail.
The phantom hits you but does no damage.
You shoot a sling bullet.
The sling bullet closely misses the phantom.
The orc barely misses you. The phantom hits you.
You shoot a sling bullet. The sling bullet hits the phantom.
The phantom is almost destroyed.
The phantom misses you. The orc hits you with a +0 flail!
1762 ||| READING 4 scrolls of teleportation.
As you read the scroll of teleportation, it crumbles to dust.
You feel strangely unstable. The orc hits you with a +0 flail.
The phantom hits you but does no damage.
You shoot a sling bullet. The sling bullet hits the phantom!
You destroy the phantom!
The orc hits you with a +0 flail!
You die...

#.#.#.#.#.. .#
.....#.#.. ...
#..#.....## #.###
#####..#.#....#
#....#+##..........#...
#........$.....##.#...
#.........[...<.%.....
#.....o....###........
#.$..@.....# ####.....
#....[.....# #.....
#..........# #.....
#..........# #...##
#..........# #...#
#######....# #...#
##### #####


You could see an orc.

Vanquished Creatures
  A phantom (D:4)
  Jessica (D:3)
  5 adders
  4 worms
  A dart slug (D:1)
  2 orcs
  3 ball pythons
  4 bats
  5 endoplasms
  3 giant cockroaches
  5 goblins
  5 hobgoblins
  16 jackals
  5 kobolds
  3 quokkas
  2 frilled lizards
  3 rats
68 creatures vanquished.

Notes
Turn   | Place    | Note
-------+----------+-------------------------------------------
     0 | D:1      | qw the Minotaur Hexslinger began the quest for the Orb.
     0 | D:1      | Reached XP level 1. HP: 16/16 MP: 1/1
     0 | D:1      | 0 ||| qw: Version: 0.3-a-52-g30416fa
     0 | D:1      | 0 ||| qw: Game counter: 6217
     0 | D:1      | 0 ||| qw: Melee chars always use a shield: true
     0 | D:1      | 0 ||| qw: God list: Okawaru
     0 | D:1      | 0 ||| qw: Allow faded altars: false
     0 | D:1      | 0 ||| qw: Do Orc after clearing Dungeon:15 true
     0 | D:1      | 0 ||| qw: Do second Lair branch before Depths: true
     0 | D:1      | 0 ||| qw: Lair rune preference: random
     0 | D:1      | 0 ||| qw: Goals: Normal
     0 | D:1      | 0 ||| PLANNING D:1-11
    33 | D:1      | 33 ||| FLEEEEING.
    34 | D:1      | 34 ||| FLEEEEING.
    35 | D:1      | 35 ||| FLEEEEING.
    36 | D:1      | 36 ||| FLEEEEING.
    37 | D:1      | 37 ||| FLEEEEING.
    38 | D:1      | 38 ||| FLEEEEING.
    39 | D:1      | 39 ||| FLEEEEING.
    40 | D:1      | 40 ||| FLEEEEING.
    41 | D:1      | 41 ||| FLEEEEING.
    42 | D:1      | 42 ||| FLEEEEING.
    43 | D:1      | 43 ||| FLEEEEING.
    44 | D:1      | 44 ||| FLEEEEING.
    45 | D:1      | 45 ||| FLEEEEING.
    46 | D:1      | 46 ||| FLEEEEING.
    52 | D:1      | Reached skill level 3 in Ranged Weapons
    52 | D:1      | Reached XP level 2. HP: 18/23 MP: 2/2
   351 | D:1      | Reached XP level 3. HP: 29/29 MP: 3/3
   505 | D:1      | 505 ||| READING scroll labelled IPLECAPIUM.
   506 | D:1      | 506 ||| READING scroll labelled DESMEA VOAHE.
   510 | D:1      | 510 ||| READING scroll labelled NIELAZ CIETOCI.
   511 | D:1      | 511 ||| READING 2 scrolls labelled OMIEDE NALL.
   512 | D:1      | 512 ||| DROPPING scroll of poison.
   568 | D:2      | Reached skill level 4 in Ranged Weapons
   759 | D:2      | Reached XP level 4. HP: 10/36 MP: 4/4
   942 | D:2      | 942 ||| UPGRADING to +0 leather armour.
   952 | D:2      | 952 ||| DROPPING +0 robe.
   953 | D:2      | 953 ||| READING scroll labelled MIDIUFIFIW.
   954 | D:2      | 954 ||| READING scroll labelled LYOG AR YCWUU.
   955 | D:2      | 955 ||| READING 2 scrolls of identify.
   955 | D:2      | 955 ||| IDENTIFYING viscous black potion
  1000 | D:3      | Found a sparkling altar of Nemelex Xobeh.
  1100 | D:3      | 1100 ||| FLEEEEING.
  1101 | D:3      | 1101 ||| FLEEEEING.
  1102 | D:3      | 1102 ||| FLEEEEING.
  1103 | D:3      | 1103 ||| FLEEEEING.
  1107 | D:3      | 1107 ||| FLEEEEING.
  1108 | D:3      | 1108 ||| FLEEEEING.
  1109 | D:3      | 1109 ||| FLEEEEING.
  1259 | D:3      | Found an ancient bone altar of Kikubaaqudgha.
  1289 | D:3      | Found a radiant altar of Vehumet.
  1294 | D:3      | Reached skill level 5 in Ranged Weapons
  1385 | D:3      | Noticed Jessica
  1387 | D:3      | Killed Jessica
  1388 | D:3      | Reached skill level 3 in Fighting
  1395 | D:3      | Found a shimmering blue altar of Sif Muna.
  1544 | D:3      | Reached XP level 5. HP: 45/45 MP: 5/5
  1561 | D:3      | 1561 ||| READING scroll labelled TAIBLA FYTHA.
  1562 | D:3      | 1562 ||| READING scroll labelled COYCSE DORONNO.
  1563 | D:3      | 1563 ||| READING 2 scrolls of identify.
  1563 | D:3      | 1563 ||| IDENTIFYING black potion
  1576 | D:4      | 1576 ||| PLANNING SEWER
  1741 | D:4      | Noticed a phantom
  1761 | D:4      | HP: 11/45 [orc/+0 flail (9)]
  1762 | D:4      | 1762 ||| READING 4 scrolls of teleportation.
  1763 | D:4      | Killed a phantom
  1763 | D:4      | Slain by an orc

Levels and vault maps discovered:
D:1:      amcnicky_arrival_choice, layout_basic, nrook_campfire
D:2:      layout_rooms, minmay_misc_feat_plants
D:3:      layout_rooms, kiku_gazebo_pond_becter, tgw_sif, vehumet_altar_wand_db,
          nicolae_overflow_crystal_walls, chequers_serial_rivers_marsh,
          st_stairs_1, minmay_between
D:4:      layout_basic, gup_sewer_entry_bubbles

Skill      XL: |  1  2  3  4 |
---------------+-------------+-----
Ranged Weapons | 3 4 5 |  5.3
Fighting       | 2 3 |  3.1
Dodging        | |  2.1
Spellcasting   | |  1.0
Hexes          | |  2.0

Action                     |  1- 3 |  4- 6 || total
---------------------------+-------+-------++-------
   Fire: Sling             |   120 |   124 ||   244
    Use: Scroll            |     4 |     7 ||    11
 Armour: Robe              |     8 |       ||     8
         Leather armour    |       |    18 ||    18
  Dodge: Dodged            |    49 |    44 ||    93

Table legend:
 A = Non-vault XP
 B = Vault XP
 C = Vault XP percentage of total XP
 D = Non-vault monster count
 E = Vault monster count
 F = Vault count percentage of total count
                 A         B        C        D         E       F
            +---------+---------+-------+---------+---------+-------
      Total |     276 |      57 |  17.1 |      58 |      10 |  14.7
            +---------+---------+-------+---------+---------+-------
        D:1 |      42 |       0 |   0.0 |      21 |       0 |   0.0
        D:2 |      56 |       0 |   0.0 |      16 |       0 |   0.0
        D:3 |      53 |      57 |  51.8 |      14 |      10 |  41.7
        D:4 |     125 |       0 |   0.0 |       7 |       0 |   0.0
            +---------+---------+-------+---------+---------+-------
